 Dungeon Crawl Stone Soup version 0.31.0-32-g396128a36d (webtiles) character file.

Game seed: 16144279335652495705

22 PaiMei the Grave Robber (level 2, -1/20 HPs)
             Began as a Demonspawn Necromancer on Apr 25, 2024.
             Slain by an adder (2 damage)
             ... on level 2 of the Dungeon.
             The game lasted 00:00:55 (984 turns).

PaiMei the Grave Robber (Demonspawn Necromancer)     Turns: 984, Time: 00:00:56

Health: -1/20      AC:  2    Str:  8    XL:     2   Next: 68%
Magic:  0/5        EV: 12    Int: 15    God:
Gold:   41         SH:  0    Dex: 13    Spells: 4/5 levels left

rFire   . . .        c - +0 mace
rCold   . . .        (no shield)
rNeg    . . .        a - +0 robe
rPois   .            (no helmet)
rElec   .            (no cloak)
rCorr   .            (no gloves)
SInv    .            (no boots)
Will    .....        (no amulet)
Stlth   ++           (no ring)
HPRegen 0.23/turn    (no ring)
MPRegen 0.09/turn

%: no passive effects
@: no status effects
A: sturdy frame 1
a: no special abilities


You were on level 2 of the Dungeon.
You visited 1 branch of the dungeon, and saw 2 of its levels.

You collected 41 gold pieces.

Inventory:

Hand Weapons
 c - a +0 mace (weapon)
Armour
 a - a +0 robe (worn)
Scrolls
 d - a scroll of teleportation {unknown}
 e - 4 scrolls of amnesia {unknown}
 g - a scroll of blinking {unknown}
Potions
 b - a potion of magic
 f - a potion of resistance {unknown}


   Skills:
 + Level 0.4 Fighting
 + Level 2.1 Dodging
 - Level 2.0 Stealth
 + Level 2.2 Spellcasting
 + Level 4.6 Necromancy


You had 4 spell levels left.
You knew the following spells:

 Your Spells              Type           Power      Damage    Failure   Level
a - Necrotise             Necr           60%        1d7       3%          1

Your spell library contained the following spells:

 Spells                   Type           Power      Damage    Failure   Level
 Vampiric Draining        Necr           15%        2d7       10%         3
 Animate Dead             Necr           15%        N/A       32%         4
 Curse of Agony           Necr           15%        N/A       65%         5


Dungeon Overview and Level Annotations

Branches:
Dungeon (2/15)

Altars:


Innate Abilities, Weirdness & Mutations

Your movements are slightly less encumbered by armour. (ER -2)


Message History

You barely miss the giant cockroach.
The giant cockroach is lightly wounded.
You feel sick.
The giant cockroach bites you but does no damage.
The adder bites you but does no damage.
Your goblin skeleton hits the giant cockroach but does no damage. x2
The giant cockroach closely misses you. The adder bites you but does no damage.
Casting: Necrotise (safe; 3% risk of failure)
Confirm with . or Enter, or press ? or * to list all spells.
You don't have enough magic to cast this spell.
You closely miss the adder.
The adder is severely wounded.
You feel sick.
You are no longer poisoned.
The giant cockroach closely misses you.
Your goblin skeleton closely misses the giant cockroach.
Your goblin skeleton misses the giant cockroach.
The adder bites you.
* * * LOW HITPOINT WARNING * * *
The giant cockroach closely misses you.
Your goblin skeleton closely misses the giant cockroach.
Your goblin skeleton hits the giant cockroach.
Casting: Necrotise (safe; 3% risk of failure)
Confirm with . or Enter, or press ? or * to list all spells.
You don't have enough magic to cast this spell.
You closely miss the adder.
The adder is severely wounded.
The adder closely misses you. The giant cockroach bites you.
* * * LOW HITPOINT WARNING * * *
The adder bites you.
* * * LOW HITPOINT WARNING * * *
Your goblin skeleton hits the giant cockroach but does no damage.
Your goblin skeleton closely misses the giant cockroach.
Casting: Necrotise (safe; 3% risk of failure)
Confirm with . or Enter, or press ? or * to list all spells.
You don't have enough magic to cast this spell.
You closely miss the adder.
The adder is severely wounded.
The adder bites you.
You die...

#. ......# ###.>......#
# #....!.....# #.
..##)#....... ..
............
#.##..[...#..# ...
#<...#S.# ..# #.@B.#.#
#.# ####.ZZ...#
#.###.!.)........
.##.####.##>...##...###.
.......<.....##...#.#
>#..####.........?....
##.....###.#.### #...###
.#.# ....## . .


You could see an adder, a giant cockroach (ally target) and 2 friendly goblin
skeletons.

Vanquished Creatures
  A dart slug (D:1)
  2 endoplasms (D:1)
  3 goblins
  3 hobgoblins (D:1)
  4 ball pythons (D:1)
  A bat (D:1)
  2 frilled lizards (D:1)
  A rat (D:1)
17 creatures vanquished.

Vanquished Creatures (collateral kills)
  A rat (D:1)
1 creature vanquished.

Grand Total: 18 creatures vanquished

Notes
Turn   | Place    | Note
-------+----------+-------------------------------------------
     0 | D:1      | PaiMei the Demonspawn Necromancer began the quest for the
                  | Orb.
     0 | D:1      | Reached XP level 1. HP: 13/13 MP: 3/3
   252 | D:1      | Gained mutation: Your movements are slightly less
                  | encumbered by armour. (ER -2) [demonic ancestry]
   252 | D:1      | Reached XP level 2. HP: 19/19 MP: 1/5
   983 | D:2      | HP: 1/20 [adder (2)]
   984 | D:2      | Slain by an adder

Illustrated notes

Levels and vault maps discovered:
D:1:      noname_arrival_rooms_in_the_neighbourhood, layout_loops_ring
D:2:      layout_rooms, item_on_display_a

Skill      XL: |  1 |
---------------+----+-----
Stealth        | 2 |  2.0
Dodging        | 2 |  2.1
Fighting       | |  0.4
Spellcasting   | |  2.2
Necromancy     | |  4.6

Action                     || total
---------------------------++-------
  Melee: Mace              ||    10
   Cast: Necrotise         ||    34
 Armour: Robe              ||    19
  Dodge: Dodged            ||    13
